 Dungeon Crawl Stone Soup version 0.22.1-2-g9c5b331 (webtiles) character file.

219 myga the Sneak (level 5, -2/53 HPs)
             Began as an Ogre Assassin on Dec 1, 2018.
             Slain by a big kobold
             ... wielding a +0 dagger of chaos
              (17 damage)
             ... on level 3 of the Dungeon.
             The game lasted 00:19:14 (2607 turns).

myga the Sneak (Ogre Assassin)                      Turns: 2607, Time: 00:19:16

Health: -2/53      AC:  5    Str: 15    XL:     5   Next: 96%
Magic:  5/5        EV: 10    Int: 12    God:
Gold:   271        SH:  0    Dex: 11    Spells: 4/4 levels left

rFire    . . .     SeeInvis .   p - +2 dagger
rCold    . . .     Gourm    .   (no shield)
rNeg     . . .     Faith    .   c - +0 robe
rPois    .         Spirit   .   (helmet restricted)
rElec    .         Reflect  .   d - +2 cloak
rCorr    .         Harm     .   (gloves unavailable)
MR       ++...                  (boots unavailable)
Stlth    +.........             n - amulet of the acrobat
HPRegen  0.17/turn              (no ring)
MPRegen  0.09/turn              (no ring)

@: confused, lethally poisoned (-2 -> -11), slowed, drained, very slow
A: large, unfitting armour, claws 1, deformed body, magic resistance 2, tough
skin 1
a: no special abilities


You were on level 3 of the Dungeon.
You were hungry.

You visited 1 branch of the dungeon, and saw 3 of its levels.

You collected 271 gold pieces.

Inventory:

Hand Weapons
 b - a +0 blowgun
 k - a +2 short sword of draining
 o - a +0 hand axe
 p - a +2 dagger (weapon)
 q - a +1 hunting sling of freezing
 v - a +0 rapier
 y - a +0 dagger
 B - a +0 dagger
Missiles
 e - 24 poisoned needles
 f - 10 curare-tipped needles
 j - 86 stones (quivered)
 m - 29 sling bullets
 t - 25 bolts
 x - 3 silver tomahawks
Armour
 a - a +0 cloak
 c - a +0 robe (worn)
 d - a +2 cloak (worn)
 z - a +2 helmet
 C - a +0 leather armour
Jewellery
 n - an amulet of the acrobat (around neck)
Wands
 u - a wand of polymorph (20)
 D - a wand of random effects (28)
Scrolls
 h - 3 scrolls of remove curse
 i - a scroll of fear
 r - a scroll of enchant weapon {unknown}
 A - a scroll of fog {unknown}
Comestibles
 g - 3 rations


   Skills:
 + Level 3.2(2.9) Fighting
 + Level 2.9(2.7) Short Blades
 + Level 2.5(2.2) Throwing
 + Level 2.2(1.9) Dodging
 + Level 3.9(3.6) Stealth
 - Level 1.7(1.5) Unarmed Combat


You had 4 spell levels left.
You didn't know any spells.
Your spell library was empty.

Dungeon Overview and Level Annotations

Branches:
Dungeon (3/15)

Altars:
Ru
Sif Muna

Annotations:
D:3 Gearfox's ghost, amateur DrFi


Innate Abilities, Weirdness & Mutations

You are too large for most types of armour.
You have tough skin. (AC +1)
You have sharp fingernails.
Armour fits poorly on your strangely shaped body.
You are highly resistant to hostile enchantments. (MR++)


Message History

The big kobold hits you but does no damage.
You are confused.
You bump into the stone wall.
You feel sick.
The big kobold hits you but does no damage.
Gearfox's ghost shouts, "There is no future for me!"
The big kobold hits you with a dagger of chaos.
The big kobold freezes you.
You aren't carrying any potions.
You're too confused!
You bump into the stone wall.
You feel sick.
The big kobold hits you but does no damage.
You are more confused.
You completely miss the big kobold.
The big kobold is heavily wounded.
You feel sick.
Gearfox's ghost says, "Live by the sword, die by the sword."
The big kobold hits you with a dagger of chaos.
* * * LOW HITPOINT WARNING * * *
You are electrocuted!
You die...

#.##..#.#.#...#.#.##).#.#####....
#.##......÷._....................
#.##..#.#.#...#.#.###.#.#####....
#.##..#.#.##.##.#.#.....# #....
#.##..#.#.......#.#...### ##.##
......#.####.####.#....# #.#
#######........)..#..#.# #.#
######)######..#.# ##.##
#..KK@....#.######...#
#..W#######..........# #..(#
#..........# #(.(# #..........#
#(..### #..........# #..(..#
#..........# #..(#.# #..........#
#####...# #..........# ##≈⌠≈##..#
#.....)....#


You could see 2 big kobolds and Gearfox's ghost.

Vanquished Creatures
  2 orc priests (D:3)
  6 adders
  2 oozes
  2 worms (D:2)
  2 dart slugs
  3 leopard geckos
  7 orcs (D:3)
  A ball python (D:2)
  2 giant cockroaches (D:1)
  10 goblins
  13 hobgoblins
  3 jackals (D:3)
  10 kobolds
  6 bats
  3 frilled lizards
  6 rats
78 creatures vanquished.

Vanquished Creatures (others)
  3 fungi (D:3)
  2 plants (D:3)
5 creatures vanquished.

Grand Total: 83 creatures vanquished

Notes
Turn   | Place    | Note
-------+----------+-------------------------------------------
     0 | D:1      | myga the Ogre Assassin began the quest for the Orb.
     0 | D:1      | Reached XP level 1. HP: 22/22 MP: 1/1
    54 | D:1      | Reached XP level 2. HP: 19/29 MP: 2/2
   259 | D:1      | Reached skill level 1 in Dodging
   349 | D:1      | Reached XP level 3. HP: 36/36 MP: 3/3
   865 | D:2      | Reached XP level 4. HP: 27/45 MP: 4/4
   919 | D:2      | Gained mutation: You have sharp fingernails. [potion of
                  | mutation]
   919 | D:2      | Gained mutation: You are resistant to hostile enchantments.
                  | (MR+) [potion of mutation]
   919 | D:2      | Gained mutation: You have sharp toenails. [potion of
                  | mutation]
  1483 | D:2      | Found a deep blue altar of Sif Muna.
  1769 | D:3      | Reached XP level 5. HP: 53/53 MP: 5/5
  1899 | D:3      | Reached skill level 1 in Unarmed Combat
  1972 | D:3      | Lost mutation: You have sharp toenails. [potion of
                  | mutation]
  1972 | D:3      | Gained mutation: Armour fits poorly on your strangely
                  | shaped body. [potion of mutation]
  1972 | D:3      | Gained mutation: You are highly resistant to hostile
                  | enchantments. (MR++) [potion of mutation]
  2112 | D:3      | Found a sacrificial altar of Ru.
  2241 | D:3      | Found a runed gate.
  2243 | D:3      | Noticed a big kobold
  2243 | D:3      | Noticed Gearfox's ghost (amateur DrFi)
  2244 | D:3      | Noticed a big kobold
  2246 | D:3      | Found a runed gate.
  2246 | D:3      | Found a runed gate.
  2247 | D:3      | Noticed a big kobold
  2607 | D:3      | Slain by a big kobold

Skill      XL: |  1  2  3  4  5 |
---------------+----------------+-----
Stealth        | 3 |  3.9
Dodging        | 1 2 |  2.2
Short Blades   | 2 |  2.9
Fighting       | 3 |  3.2
Unarmed Combat | 1 |  1.7
Throwing       | |  2.5

Action                   |  1- 3 |  4- 6 || total
-------------------------+-------+-------++-------
Melee: Dagger            |   125 |   116 ||   241
       Unarmed           |       |    51 ||    51
       Kick              |       |    25 ||    25
 Fire: Blowgun           |     7 |       ||     7
       Hunting sling     |       |     3 ||     3
Throw: Stone             |    22 |    16 ||    38
       Tomahawk          |       |     2 ||     2
  Use: Scroll            |     5 |     2 ||     7
       Potion            |       |     4 ||     4
 Stab: Sleeping          |     2 |     5 ||     7
  Eat: Chunk             |       |     5 ||     5
Armor: Robe              |    46 |    43 ||    89
Dodge: Dodged            |    48 |    99 ||   147
